 Dungeon Sprint DCSS version 0.17-a0-1763-g847a857 (webtiles) character file.

484 kosy22 the Ducker (level 6, -2/68 HPs)
             Began as a Troll Fighter on Sept 5, 2015.
             Killed by an exploding giant spore (21 damage)
             ... in the Dungeon (Sprint I: "Red Sonja").
             The game lasted 00:00:48 (120 turns).

kosy22 the Ducker (Troll Fighter)                    Turns: 120, Time: 00:00:48

Health: -2/68      AC:  5    Str: 27    XL:     6   Next: 88%
Magic:  5/5        EV: 11    Int:  4    God:
Gold:   162        SH:  0    Dex:  9    Spells: 0 memorised, 5 levels left

rFire  . . .     SeeInvis .       - Unarmed
rCold  . . .     Clarity  .     a - +0 robe
rNeg   . . .     SustAt   .     b - +0 shield
rPois  .         Gourm    +     (helmet restricted)
rElec  .         Spirit   .     (no cloak)
rCorr  .         Warding  .     (gloves unavailable)
rMut   .         NoTele   +     (boots unavailable)
MR     .....                    (no amulet)
Stlth  +.........               (no ring)
                                (no ring)

@: confused, lethally poisoned (-2 -> -14), exhausted, slowed, very slow, not
resistant to hostile enchantments, very unstealthy
A: unfitting armour, claws 3, fast metabolism 3, gourmand, regeneration 2,
shaggy fur 1, tough skin 2
a: no special abilities


You were in the Dungeon.
You were not hungry.

You visited 1 branch You collected 162 gold pieces.

Inventory:

Armour
 a - a +0 robe (worn)
 b - a +0 shield (worn)
Scrolls
 j - a scroll of blinking
Potions
 c - a potion of might
 e - a potion of curing
 g - a potion of haste
 h - 3 potions of magic
Comestibles
 d - 2 bread rations


   Skills:
 + Level 6.8 Fighting
 + Level 7.8 Dodging
 + Level 6.7 Shields
 + Level 5.7 Unarmed Combat


You had 5 spell levels left.
You didn't know any spells.

Dungeon Overview and Level Annotations

Branches:
Dungeon (1/1)

Altars:
Cheibriados
Dithmenos
Fedhas
Sif Muna
Vehumet
Jiyva

Annotations:
D Sonja


Innate Abilities, Weirdness & Mutations

You are too large for most types of armour.
You have claws for hands.
Your metabolism is lightning-fast.
You like to eat raw meat.
You heal very quickly.
You are covered in fur (AC +1).
You have very tough skin (AC +2).


Message History

Sonja casts a spell.
Sonja blinks!
You feel very sick.
Sonja unwields an uncursed short sword of venom.
It stops dripping with poison.
Sonja wields an uncursed blowgun.
Sonja shoots a curare-tipped needle.
You block the curare-tipped needle.
You feel a strong urge to attack something.
You feel sick.
Sonja shoots a curare-tipped needle.
The curare-tipped needle closely misses you.
You see here a curare-tipped needle.
The door flies open with a bang!
You are no longer berserk.
You are exhausted.
You feel as though you will be slow longer.
You feel sick.
The giant spore waves its rhizomes. x2
The giant spore explodes!
The explosion of spores engulfs you!
You are confused.
You die...

#..#
####
##)#
#..#
#+#..+
#⌠⌠#
+.(._#
####
#_.#+#
##K#
##(##
+$.$+
#$.$#
##@##
#'#
!*!


$[($$ ####### You could see Sonja.

Vanquished Creatures
  A slime creature (D)
  Sigmund (D)
  An ogre (D)
  A jelly (D)
  Ijyb (D)
5 creatures vanquished.

Notes
Turn   | Place    | Note
--------------------------------------------------------------
     0 | D        | kosy22 the Troll Fighter began the quest for the Orb.
     0 | D        | Reached XP level 1. HP: 22/22 MP: 0/0
     2 | D        | Noticed Ijyb
    24 | D        | Killed Ijyb
    24 | D        | Reached skill level 3 in Fighting
    24 | D        | Reached XP level 2. HP: 29/31 MP: 1/1
    29 | D        | Noticed an ogre
    39 | D        | Killed an ogre
    39 | D        | Reached skill level 4 in Fighting
    39 | D        | Reached skill level 5 in Dodging
    39 | D        | Reached XP level 3. HP: 7/40 MP: 2/2
    39 | D        | Reached XP level 4. HP: 8/49 MP: 3/3
    52 | D        | Noticed Sigmund
    61 | D        | Killed Sigmund
    61 | D        | Reached skill level 5 in Fighting
    61 | D        | Reached skill level 6 in Dodging
    61 | D        | Reached skill level 5 in Shields
    61 | D        | Reached XP level 5. HP: 39/59 MP: 4/4
    61 | D        | Reached XP level 6. HP: 44/67 MP: 5/5
    76 | D        | Found a snail-covered altar of Cheibriados.
    76 | D        | Found a viscous altar of Jiyva.
    76 | D        | Found a shadowy altar of Dithmenos.
    76 | D        | Found a blossoming altar of Fedhas.
    76 | D        | Noticed a slime creature
    77 | D        | Found a deep blue altar of Sif Muna.
    84 | D        | Killed a slime creature
    84 | D        | Reached skill level 7 in Dodging
    84 | D        | Reached skill level 5 in Unarmed Combat
    85 | D        | Noticed a jelly
    92 | D        | Found a radiant altar of Vehumet.
   101 | D        | Killed a jelly
   110 | D        | Noticed Sonja
   120 | D        | Killed by an exploding giant spore

Vault maps used:
D:        dungeon_sprint_1

Action                   |  1- 3 |  4- 6 || total
-------------------------+-------+-------++-------
Melee: Unarmed           |    30 |    18 ||    48
  Use: Potion            |       |     3 ||     3
